 Dungeon Crawl Stone Soup version 0.29-a0-961-gfab03dca74 (webtiles) character file.

Game seed: 1112803793040227303

2 Ajdolov the Trooper (level 1, 0/19 HPs)
             Began as a Ghoul Monk on July 30, 2022.
             Slain by a giant cockroach (2 damage)
             ... on level 1 of the Dungeon.
             The game lasted 00:00:16 (50 turns).

Ajdolov the Trooper (Ghoul Monk)                      Turns: 50, Time: 00:00:16

Health: 0/19       AC:  2    Str: 14    XL:     1   Next: 30%
Magic:  0/0        EV: 12    Int:  5    God:
Gold:   0          SH:  0    Dex: 11    Spells: 0/0 levels left

rFire   . . .      SeeInvis .   a - +0 hand axe
rCold   + . .      Faith    .   (no shield)
rNeg    + + +      Spirit   .   b - +0 robe
rPois   ∞          Reflect  .   (no helmet)
rElec   .          Harm     .   (no cloak)
rCorr   .          Rampage  .   (no gloves)
Will    .....                   (no boots)
Stlth   ++........              (no amulet)
HPRegen 0.00/turn               (no ring)
MPRegen 0.07/turn               (no ring)

@: inhibited regen
A: claws 1, cold resistance 1, negative energy resistance 3, inhibited
regeneration, torment resistance 2, devour on kill
a: no special abilities


You were on level 1 of the Dungeon.
You visited 1 branch of the dungeon, and saw 1 of its levels.

Inventory:

Hand Weapons
 a - a +0 hand axe (weapon)
Armour
 b - a +0 robe (worn)
Potions
 c - a potion of ambrosia


   Skills:
 - Level 3.2 Fighting
 * Level 2.8 Axes
 - Level 2.6 Dodging
 - Level 2.1 Stealth


You couldn't memorise any spells.
You didn't know any spells.
Your spell library was empty.

Dungeon Overview and Level Annotations

Branches:
Dungeon (1/15)

Altars:


Innate Abilities, Weirdness & Mutations

You are immune to poison.
You have sharp fingernails.
Your flesh is cold resistant. (rC+)
You are immune to negative energy. (rN+++)
You do not regenerate when monsters are visible.
You are immune to unholy pain and torment.
You thrive by killing the living.


Message History

The giant cockroach misses you.
You closely miss the rat. The rat closely misses you. x2
The hobgoblin barely misses you.
You slash the rat!
You kill the rat!
You feel better.
You barely miss the hobgoblin. The hobgoblin barely misses you.
The giant cockroach bites you but does no damage.
You hit the giant cockroach.
The giant cockroach is moderately wounded.
You closely miss the hobgoblin.
The giant cockroach bites you but does no damage.
The hobgoblin barely misses you.
You hit the giant cockroach but do no damage.
The giant cockroach is moderately wounded.
You closely miss the hobgoblin. The giant cockroach closely misses you.
The giant cockroach barely misses you.
You closely miss the giant cockroach.
The giant cockroach is moderately wounded.
You hit the hobgoblin. x2; The hobgoblin hits you.
The hobgoblin misses you. The giant cockroach barely misses you.
You hit the hobgoblin but do no damage.
The hobgoblin is heavily wounded.
You completely miss the hobgoblin. You hit the giant cockroach.
The hobgoblin barely misses you. The hobgoblin hits you.
The giant cockroach bites you.
You barely miss the giant cockroach.
The giant cockroach is almost dead.
You barely miss the hobgoblin. You closely miss the hobgoblin.
The giant cockroach closely misses you. The hobgoblin hits you. x2
The giant cockroach bites you but does no damage.
The hobgoblin hits you.
* * * LOW HITPOINT WARNING * * *
The hobgoblin barely misses you.
You hit the hobgoblin.
You kill the hobgoblin!
You hit the hobgoblin.
You completely miss the giant cockroach.
The giant cockroach bites you.
You die...

^.. #...... ..###...?.
........# ........##
.........##
.....$†...#
..[.....#.######
##.............###
#............KB@#
#......#######'g###
#......# ###≈≈.§≈≈###
#....[.###≈≈≈§.§§≈§§##
#########≈≈≈#§§§§#§≈§#
##§§§§≈..≈≈≈§≈#
#≈§≈≈§§..§§§§≈§
#§§≈§§#..#≈§≈§§
#≈§#≈§#..#≈≈#≈≈


You could see a giant cockroach, a hobgoblin and a kobold.

Vanquished Creatures
  A hobgoblin (D:1)
  A frilled lizard (D:1)
  2 rats (D:1)
4 creatures vanquished.

Notes
Turn   | Place    | Note
-------+----------+-------------------------------------------
     0 | D:1      | Ajdolov the Ghoul Monk began the quest for the Orb.
     0 | D:1      | Reached XP level 1. HP: 19/19 MP: 0/0
    50 | D:1      | Slain by a giant cockroach

Illustrated notes

Levels and vault maps discovered:
D:1:      lightli_molten_gateway, layout_rooms, minmay_bisected

Action                   || total
-------------------------++-------
Melee: Hand axe          ||    13
Armor: Robe              ||     5
Dodge: Dodged            ||    20

Table legend: (Time is in decaauts)
 A = Elapsed time spent in this place.
 B = Non-inter-level travel time spent in this place.
 C = Inter-level travel time spent in this place.
 D = Time resting spent in this place.
 E = Time spent auto-exploring this place.
 F = Levels seen in this place.
 G = Mean time per level.
                   A        B        C        D        E       F      G
               +--------+--------+--------+--------+--------+-----+--------+
         Total |     52 |     52 |      0 |      0 |     13 |   1 |   52.0 |
       Dungeon |     52 |     52 |      0 |      0 |     13 |   1 |   52.0 |
               +--------+--------+--------+--------+--------+-----+--------+

Top non-repeatable levels by time:
     D:1: 52 daAuts
